 Dungeon Crawl Stone Soup version 0.27-a0-1202-ge72e49191c (webtiles) character file.

Game seed: 1463140679408963210

173 mordus the Firebug (level 5, -1/38 HPs)
             Began as a Draconian Fire Elementalist on June 4, 2021.
             Slain by an ice beast (5 damage)
             ... on level 2 of the Dungeon.
             The game lasted 00:14:26 (3117 turns).

mordus the Firebug (Draconian Fire Elementalist)    Turns: 3117, Time: 00:14:26

Health: -1/38      AC:  5    Str: 10    XL:     5   Next: 28%
Magic:  2/10       EV: 12    Int: 16    God:
Gold:   77         SH:  0    Dex: 12    Spells: 3/11 levels left

rFire    . . .     SeeInvis .   d - +1 dagger (drain)
rCold    . . .     Faith    .   (no shield)
rNeg     . . .     Spirit   .   (armour unavailable)
rPois    .         Reflect  .   (helmet restricted)
rElec    .         Harm     .   (no cloak)
rCorr    .         Rampage  .   (no gloves)
Will     .....                  (no boots)
Stlth    ++........             (no amulet)
HPRegen  0.12/turn              (no ring)
MPRegen  0.12/turn              (no ring)

@: slowed, very slow
A: AC +5, unfitting armour, cold-blooded
a: no special abilities


You were on level 2 of the Dungeon.
You visited 1 branch of the dungeon, and saw 3 of its levels.

You collected 77 gold pieces.

Inventory:

Hand Weapons
 a - a +0 dagger
 d - a +1 dagger of draining (weapon)
Missiles
 i - 2 curare-tipped darts
Scrolls
 b - a scroll of enchant armour {unknown}
 c - a scroll of identify {unknown}
 j - a scroll of fear {unknown}
Potions
 e - 2 potions of resistance {unknown}
 f - 3 potions of curing {unknown}
 g - 2 potions of magic {unknown}
 h - a potion of heal wounds {unknown}
 k - a potion of cancellation {unknown}


   Skills:
 - Level 1.7 Dodging
 - Level 1.7 Stealth
 * Level 3.8 Spellcasting
 + Level 2.5 Conjurations
 + Level 3.9 Fire Magic
 + Level 0.9 Poison Magic


You had 3 spell levels left.
You knew the following spells:

 Your Spells              Type           Power      Damage    Failure   Level
a - Foxfire               Conj/Fire      52%        2x1d6     4%          1
b - Mephitic Cloud        Conj/Pois/Air  6%         N/A       32%         3
c - Magic Dart            Conj           44%        1d5       6%          1
d - Conjure Flame         Conj/Fire      13%        6-21      14%         3

Your spell library contained the following spells:

 Spells                   Type           Power      Damage    Failure   Level
 Beastly Appendage        Tmut           6%         N/A       17%         1
 Inner Flame              Hex/Fire       9%         N/A       24%         3
 Blink                    Tloc           N/A        N/A       26%         2
 Call Imp                 Summ           3%         N/A       26%         2
 Slow                     Hex            3%         N/A       26%         2
 Wereblood                Tmut           3%         N/A       26%         2
 Spider Form              Tmut/Pois      2%         N/A       38%         3
 Sticky Flame             Conj/Fire      13%        2d4       41%         4
 Fireball                 Conj/Fire      6%         3d5       77%         5
 Ice Form                 Ice/Tmut       3%         N/A       86%         4
 Hydra Form               Tmut           1%         N/A       99%         5


Dungeon Overview and Level Annotations

Branches:
Dungeon (3/15)

Altars:
Ashenzari


Innate Abilities, Weirdness & Mutations

Your plain brown scales are hard. (AC +5)
You cannot fit into any form of body armour.
You are cold-blooded and may be slowed by cold attacks.


Message History

The foxfire hits the ice beast.
The ice beast is heavily wounded.
The foxfire hits the ice beast.
The ice beast is heavily wounded.
The ice beast hits you but does no damage.
Casting: Foxfire (safe; 4% risk of failure)
Confirm with . or Enter, or press ? or * to list all spells.
You don't know that spell.
Unknown command.
Casting: Foxfire (safe; 4% risk of failure)
Confirm with . or Enter, or press ? or * to list all spells.
You conjure some foxfire!
The ice beast hits you. The ice beast freezes you!
You feel yourself slow down.
* * * LOW HITPOINT WARNING * * *
You hit the ice beast but do no damage. You drain the ice beast.
The ice beast is severely wounded.
The foxfire hits the ice beast but does no damage.
The ice beast is severely wounded.
The foxfire hits the ice beast.
The ice beast is severely wounded.
The ice beast barely misses you.
Casting: Foxfire (safe; 4% risk of failure)
Confirm with . or Enter, or press ? or * to list all spells.
You conjure some foxfire!
You feel yourself speed up.
The ice beast hits you but does no damage.
The ice beast barely misses you.
You closely miss the ice beast.
The ice beast is severely wounded.
The foxfire hits the ice beast but does no damage.
The ice beast is severely wounded.
The foxfire hits the ice beast.
The ice beast melts!
The ice beast is almost dead.
The ice beast hits you but does no damage.
Casting: Foxfire (safe; 4% risk of failure)
Confirm with . or Enter, or press ? or * to list all spells.
You conjure some foxfire!
The ice beast hits you.
* * * LOW HITPOINT WARNING * * *
The ice beast freezes you.
You feel yourself slow down.
You die...

######### #.......# #.......#
#.......# ### #.......# ##.##
### #.......######...######.##
#..............>.........#
#.......#####..Y..#####.##
####.#### ##v@.## #.# #<#
##v## #)# #.# #.# #.# #.# #.#
#.# ###### #.#
##+#######.###..... #.#
##...##.........#### #.##
##.....#.###.###.### #..##
##........# #.......#
##...####.........####....#.##


You could see an ice beast (drained, ally target).

Vanquished Creatures
  An orc priest (D:3)
  An orc wizard (D:3)
  An adder (D:2)
  A worm (D:2)
  2 dart slugs (D:2)
  5 orcs
  7 ball pythons
  An endoplasm (D:2)
  6 giant cockroaches
  15 goblins
  9 hobgoblins
  15 jackals
  8 kobolds
  2 quokkas (D:1)
  8 bats
  4 rats
86 creatures vanquished.

Vanquished Creatures (others)
  178 foxfires
178 creatures vanquished.

Grand Total: 264 creatures vanquished

Notes
Turn   | Place    | Note
-------+----------+-------------------------------------------
     0 | D:1      | mordus the Draconian Fire Elementalist began the quest for
                  | the Orb.
     0 | D:1      | Reached XP level 1. HP: 14/14 MP: 3/3
   386 | D:1      | Reached XP level 2. HP: 19/20 MP: 0/5
  1047 | D:1      | Reached XP level 3. HP: 25/26 MP: 4/7
  1920 | D:2      | Reached XP level 4. HP: 33/33 MP: 4/8
  2813 | D:3      | Found a broken altar of Ashenzari.
  2921 | D:3      | Learned a level 3 spell: Mephitic Cloud
  2923 | D:3      | Learned a level 1 spell: Magic Dart
  2927 | D:3      | Learned a level 3 spell: Conjure Flame
  2980 | D:3      | Reached XP level 5. HP: 38/38 MP: 7/10
  3026 | D:3      | Noticed an ice beast
  3117 | D:2      | Slain by an ice beast

Illustrated notes

Levels and vault maps discovered:
D:1:      minmay_arrival_split_and_join, layout_loops_corners
D:2:      cheibrodos_greedy_goblins, layout_loops_corners
D:3:      layout_rooms, nicolae_overflow_crystal_walls, saegor_snake_ambush

Skill      XL: |  1  2  3 |
---------------+----------+-----
Spellcasting   | 3 |  3.8
Conjurations   | 2 |  2.5
Dodging        | |  1.7
Stealth        | |  1.7
Fire Magic     | |  3.9
Poison Magic   | |  0.9

Action                   |  1- 3 |  4- 6 || total
-------------------------+-------+-------++-------
Melee: Unarmed           |    20 |       ||    20
       Tailslap          |     3 |     2 ||     5
       Dagger            |    32 |    38 ||    70
 Cast: Foxfire           |    59 |    52 ||   111
 Stab: Sleeping          |     2 |       ||     2
Armor: Skin              |    28 |    28 ||    56
Dodge: Dodged            |    64 |    48 ||   112

Table legend: (Time is in decaauts)
 A = Elapsed time spent in this place.
 B = Non-inter-level travel time spent in this place.
 C = Inter-level travel time spent in this place.
 D = Time resting spent in this place.
 E = Time spent auto-exploring this place.
 F = Levels seen in this place.
 G = Mean time per level.
                   A        B        C        D        E       F      G
               +--------+--------+--------+--------+--------+-----+--------+
         Total |   3118 |   3030 |     88 |    268 |   2173 |   3 | 1039.3 |
       Dungeon |   3118 |   3030 |     88 |    268 |   2173 |   3 | 1039.3 |
               +--------+--------+--------+--------+--------+-----+--------+

Top non-repeatable levels by time:
     D:1: 1553 daAuts
     D:2: 1267 daAuts
     D:3: 297 daAuts
